 Dungeon Crawl Stone Soup version 0.29.1-12-g30fa7ad0bf (webtiles) character file.

Game seed: 4821634051990613001

16 wormed the Sneak (level 2, -2/19 HPs)
             Began as a Kobold Delver on Dec 24, 2022.
             Slain by an iguana (11 damage)
             ... on level 4 of the Dungeon.
             The game lasted 00:02:30 (704 turns).

wormed the Sneak (Kobold Delver)                     Turns: 704, Time: 00:02:31

Health: -2/19      AC:  3    Str:  9    XL:     2   Next: 70%
Magic:  2/2        EV: 18    Int: 11    God:
Gold:   29         SH:  0    Dex: 16    Spells: 1/1 levels left

rFire   . . .      SeeInvis .   a - +0 short sword
rCold   . . .      Faith    .   (no shield)
rNeg    . . .      Spirit   .   b - +0 leather armour
rPois   .          Reflect  .   (no helmet)
rElec   .          Harm     .   (no cloak)
rCorr   .          Rampage  .   (no gloves)
Will    +....                   (no boots)
Stlth   ++++......              (no amulet)
HPRegen 0.06/turn               h - ring of willpower
MPRegen 0.08/turn               i - +4 ring of evasion

@: no status effects
A: small, no large weapons, nightstalker 3
a: no special abilities


You were on level 4 of the Dungeon.
You visited 1 branch of the dungeon, and saw 2 of its levels.

You collected 29 gold pieces.

Inventory:

Hand Weapons
 a - a +0 short sword (weapon)
Armour
 b - a +0 leather armour (worn)
Jewellery
 h - a ring of willpower (left hand)
 i - a +4 ring of evasion (right hand)
Wands
 g - a wand of digging (3)
 j - a wand of quicksilver (9)
Scrolls
 d - a scroll of blinking {unknown}
 k - a scroll of amnesia {unknown}


   Skills:
 + Level 3.5 Fighting
 * Level 3.3 Short Blades
 + Level 2.7 Dodging
 + Level 6.8 Stealth


You had one spell level left.
You didn't know any spells.
Your spell library was empty.

Dungeon Overview and Level Annotations

Branches:
Dungeon (5/15)
 Temple: D:4-7

Altars:


Innate Abilities, Weirdness & Mutations

You are small and have problems with some larger weapons.
You are completely attuned to the shadows.


Message History

You are more poisoned.
The adder poisons you!
You barely miss the adder.
The adder is severely wounded.
You feel sick. The adder closely misses you.
You miss the adder.
The adder is severely wounded.
You feel sick. The adder closely misses you.
You hit the adder but do no damage.
The adder is severely wounded.
You feel sick. The adder misses you.
You miss the adder.
The adder is severely wounded.
You feel sick. The adder closely misses you. The adder completely misses you.
You hit the adder.
You kill the adder!
You feel sick.
You feel sick.
You are no longer poisoned.
An iguana comes into view.
An adder comes into view.
Found 4 stones.
You closely miss the iguana. The iguana barely misses you.
You barely miss the iguana. The iguana bites you.
The iguana attacks as you move away! The iguana barely misses you.
The iguana attacks as you move away! The iguana completely misses you.
The iguana attacks as you move away! The iguana completely misses you.
The iguana attacks as you move away!
The iguana bites you but does no damage.
The iguana attacks as you move away! The iguana completely misses you.
The iguana attacks as you move away! The iguana misses you.
The iguana hisses menacingly.
The iguana attacks as you move away! The iguana bites you!
As you read the scroll of fog, it crumbles to dust.
The scroll dissolves into smoke.
The iguana closely misses you. The iguana attacks as you move away!
The iguana barely misses you. The iguana attacks as you move away!
The iguana completely misses you. The iguana attacks as you move away!
The iguana bites you!
Ouch! That really hurt!
You die...

#######
§§§§§§#
#####§# #.#
#.############
#..........l.#
############@#
#.# #.# #.#
######.####
#..........
#.####.####
#.# #.#
###.####.#


You could see an iguana.

Vanquished Creatures
  An adder (D:4)
  A white imp (D:5)
2 creatures vanquished.

Notes
Turn   | Place    | Note
-------+----------+-------------------------------------------
     0 | D:5      | wormed the Kobold Delver began the quest for the Orb.
     0 | D:5      | Reached XP level 1. HP: 14/14 MP: 1/1
    66 | D:5      | Noticed an ice beast
    95 | D:5      | Reached XP level 2. HP: 19/19 MP: 2/2
   100 | D:5      | Noticed an ice beast
   704 | D:4      | Slain by an iguana

Illustrated notes

Levels and vault maps discovered:
D:4:      layout_loops_ring, nemelex_spade_bored_becter,
          minmay_temple_entry_proselytizer, serial_shops,
          nicolae_shop_waterfront
D:5:      layout_loops_ring, minmay_misc_feat_five, uniq_crazy_yiuf_cottage

Skill      XL: |  1 |
---------------+----+-----
Short Blades   | 3 |  3.3
Fighting       | |  3.5
Dodging        | |  2.7
Stealth        | |  6.8

Action                   || total
-------------------------++-------
Melee: Short sword       ||    17
  Use: Scroll            ||     3
       Potion            ||     1
 Stab: Sleeping          ||     1
Armor: Leather armour    ||     2
Dodge: Dodged            ||    25
